 Dungeon Crawl Stone Soup version 0.30.0-29-ga12c61a403 (webtiles) character file.

Game seed: 13495605686818660343

2249 Bamboolord the Slasher (level 9, -5/69 HPs)
             Began as a Demonspawn Berserker on June 6, 2023.
             Was a Follower of Trog.
             Killed from afar by a steam dragon (17 damage)
             ... with a ball of steam
             ... on level 6 of the Dungeon.
             The game lasted 00:13:27 (5900 turns).

Bamboolord the Slasher (Demonspawn Berserker)       Turns: 5900, Time: 00:13:28

Health: -5/69      AC: 14    Str: 17    XL:     9   Next: 15%
Magic:  0/9        EV: 12    Int: 10    God:    Trog [*.....]
Gold:   185        SH:  0    Dex: 16    Spells: 8/8 levels left

rFire   . . .        a - +1 falchion
rCold   + . .        (no shield)
rNeg    . . .        q - +0 chain mail
rPois   .            d - +2 hat
rElec   .            v - +0 cloak
rCorr   .            h - +0 pair of gloves
SInv    .            (no boots)
Will    ++...        m - amulet of guardian spirit Stlth
                     b - ring of protection from cold
HPRegen 1.31/turn    (no ring)
MPRegen 0.22/turn

%: guardian spirit
@: mighty, strong-willed, regenerating
A: repulsion field 2, magic regeneration, condensation shield
a: Renounce Religion, Berserk


You were on level 6 of the Dungeon.
You worshipped Trog.
Trog was aware of your devotion.
You visited 1 branch of the dungeon, and saw 6 of its levels.

You collected 185 gold pieces.

Inventory:

Hand Weapons
 a - a +1 falchion (weapon)
Armour
 d - a +2 hat (worn)
 g - a +0 helmet
 h - a +0 pair of gloves (worn)
 q - a +0 chain mail (worn)
 v - a +0 cloak (worn)
Jewellery
 b - a ring of protection from cold (left hand)
 m - an amulet of guardian spirit (around neck)
 o - an amulet of regeneration
Wands
 j - a wand of polymorph (9)
 r - a wand of flame (25) (quivered)
 t - a wand of digging (13)
Scrolls
 c - a scroll of teleportation
 f - 4 scrolls of fog
 i - a scroll of magic mapping
 l - 2 scrolls of poison
 s - a scroll of immolation {unknown}
 w - a scroll of fear {unknown}
Potions
 e - a potion of attraction
 k - a potion of haste
 n - a potion of invisibility {unknown}
 p - a potion of heal wounds {unknown}
 u - 2 potions of mutation {unknown}
 x - 2 potions of flight {unknown}
 B - a potion of lignification {unknown}
 C - a potion of degeneration {unknown}


   Skills:
 * Level 5.7 Fighting
 * Level 7.2 Long Blades
 * Level 5.4 Armour
 * Level 4.3 Dodging
 + Level 1.3 Shields
 * Level 3.6 Evocations


You had 8 spell levels left.
You didn't know any spells.
Your spell library was empty.

Dungeon Overview and Level Annotations

Branches:
Dungeon (6/15)
 Temple: D:4-7

Altars:
Dithmenos
Fedhas
Hepliaklqana
Qazlal
Sif Muna

Portals:
Abyss: D:4

Annotations:
D:4 2 transporters, Zippel's ghost, novice OpIE


Innate Abilities, Weirdness & Mutations

You are surrounded by a moderate repulsion field. (EV +3)
You regenerate magic rapidly.
A meltable shield of frost defends you. (SH +0)


Message History

You hit the steam dragon.
The steam dragon is moderately wounded.
An orc priest comes into view. It is wielding a +0 hand axe.
The steam dragon bites you.
* * * LOW HITPOINT WARNING * * *
The steam dragon closely misses you.
Unknown command.
The steam dragon bites you but does no damage.
The steam dragon claws you but does no damage.
You feel better. The steam dragon bites you.
* * * LOW HITPOINT WARNING * * *
The steam dragon claws you but does no damage.
Okay, then.
Your skin crawls.
You feel strong-willed.
You can no longer call upon Trog for regeneration and willpower.
The orc hits you but does no damage.
The steam dragon bites you but does no damage.
The steam dragon barely misses you.
You feel very mighty all of a sudden. The orc closely misses you.
The steam dragon bites you but does no damage.
The steam dragon claws you.
* * * LOW HITPOINT WARNING * * *
You closely miss the steam dragon.
The steam dragon is moderately wounded.
The orc barely misses you. The steam dragon bites you.
* * * LOW HITPOINT WARNING * * *
The steam dragon claws you but does no damage.
You closely miss the steam dragon.
The steam dragon is moderately wounded.
The orc completely misses you.
The steam dragon bites you but does no damage.
The steam dragon barely misses you.
You closely miss the steam dragon.
The steam dragon is moderately wounded.
The orc misses you. The steam dragon breathes steam at you.
The ball of steam hits you!!
You die...

#.......#
.#.##.#
#.......##.#.#
# #.......##
#.# #.......#
#.. #.......#
#.. #.......#
#....)).#
#.......#
#.....@D#
##.####o# #.
#oo....oo #.
..######. ...+
..$.# #....#
#....# #....#


You could see a steam dragon (catching breath), an orc priest and 2 orcs.

Vanquished Creatures
  Pikel (D:4)
  Grinder (D:5)
  Eustachio (D:5)
  Menkaure (D:5)
  An ice beast (D:5)
  A sky beast (D:6)
  A black bear (D:6)
  A centaur (D:5)
  An ogre (D:5)
  2 lemures (D:3)
  3 phantoms (D:5)
  2 bullfrogs (D:6)
  2 electric eels (D:3)
  A howler monkey (D:6)
  An orc priest (D:6)
  Crazy Yiuf (D:4)
  Ijyb (D:4)
  Terence (D:3)
  An orc wizard (D:4)
  3 iguanas
  3 gnolls (D:4)
  9 adders
  A white imp (D:4)
  An ufetubus (D:5)
  2 worms
  3 dart slugs
  5 orcs
  3 ball pythons
  3 bats (D:2)
  5 endoplasms
  A giant cockroach (D:3)
  5 goblins
  8 hobgoblins
  5 jackals (D:1)
  3 kobolds
  4 quokkas
  2 frilled lizards
  4 rats
94 creatures vanquished.

Vanquished Creatures (others)
  A centaur (D:6)
  An orc (D:6)
2 creatures vanquished.

Grand Total: 96 creatures vanquished

Notes
Turn   | Place    | Note
-------+----------+-------------------------------------------
     0 | D:1      | Bamboolord the Demonspawn Berserker began the quest for the
                  | Orb.
     0 | D:1      | Reached XP level 1. HP: 18/18 MP: 1/1
    31 | D:1      | Gained mutation: You regenerate magic rapidly. [demonic
                  | ancestry]
    31 | D:1      | Reached XP level 2. HP: 12/24 MP: 2/2
    34 | D:1      | Reached skill level 3 in Long Blades
   311 | D:1      | Reached XP level 3. HP: 27/29 MP: 3/3
   472 | D:1      | You fall into a shaft and drop 1 floor!
  1044 | D:2      | Reached ** piety under Trog
  1045 | D:2      | Reached XP level 4. HP: 36/36 MP: 4/4
  1372 | D:3      | Found a transporter.
  1703 | D:3      | Found a transporter.
  1704 | D:3      | Noticed Terence
  1714 | D:3      | Killed Terence
  1715 | D:3      | Reached skill level 4 in Long Blades
  2214 | D:3      | Reached XP level 5. HP: 17/42 MP: 1/5
  2581 | D:4      | Noticed a lemure
  2589 | D:4      | Noticed a lemure
  2627 | D:3      | Killed a lemure
  2718 | D:3      | Killed a lemure
  2781 | D:4      | Noticed a lemure
  2793 | D:4      | Noticed Pikel
  2806 | D:4      | Killed Pikel
  2807 | D:4      | Reached skill level 5 in Long Blades
  2807 | D:4      | Reached skill level 1 in Evocations
  2807 | D:4      | Gained mutation: A meltable shield of frost defends you.
                  | (SH +0) [demonic ancestry]
  2807 | D:4      | Reached XP level 6. HP: 49/49 MP: 6/6
  2807 | D:4      | Reached XP level 7. HP: 55/55 MP: 7/7
  2902 | D:4      | Found a transporter.
  2903 | D:4      | Found a transporter.
  2914 | D:4      | Noticed a small abomination
  3282 | D:4      | Found a one-way gate to the infinite horrors of the Abyss.
  3282 | D:4      | Noticed Zippel's ghost (novice OpIE)
  3475 | D:4      | Found a shadowy altar of Dithmenos.
  3475 | D:4      | Noticed a shadow
  3480 | D:4      | Found a hazy altar of Hepliaklqana.
  3480 | D:4      | Noticed Ijyb
  3531 | D:4      | Killed Ijyb
  3852 | D:4      | Found a runed translucent door.
  3853 | D:4      | Noticed Crazy Yiuf
  3866 | D:4      | Killed Crazy Yiuf
  3962 | D:5      | Entered Level 5 of the Dungeon
  4085 | D:5      | Gained mutation: You are surrounded by a mild repulsion
                  | field. (EV +2) [demonic ancestry]
  4085 | D:5      | Reached XP level 8. HP: 31/61 MP: 8/8
  4211 | D:5      | Noticed Menkaure
  4235 | D:5      | Killed Menkaure
  4236 | D:5      | Reached skill level 5 in Fighting
  4236 | D:5      | HP: 4/93 [centaur/arrow (3)]
  4243 | D:5      | Reached skill level 6 in Long Blades
  4528 | D:5      | Noticed Eustachio
  4562 | D:5      | Killed Eustachio
  4563 | D:5      | Reached skill level 1 in Shields
  4757 | D:5      | Reached skill level 5 in Armour
  5081 | D:5      | Noticed Grinder
  5104 | D:5      | Paralysed by Grinder for 5 turns
  5114 | D:5      | Paralysed by Grinder for 5 turns
  5130 | D:5      | Killed Grinder
  5235 | D:5      | Found a shimmering blue altar of Sif Muna.
  5303 | D:5      | Found a stormy altar of Qazlal.
  5369 | D:6      | Reached skill level 7 in Long Blades
  5369 | D:6      | Gained mutation: You are surrounded by a moderate repulsion
                  | field. (EV +3) [demonic ancestry]
  5369 | D:6      | Reached XP level 9. HP: 50/68 MP: 6/9
  5446 | D:6      | Found a blossoming altar of Fedhas.
  5900 | D:6      | Killed from afar by a steam dragon

Illustrated notes

Levels and vault maps discovered:
D:1:      lightli_arrival_chessboard, layout_rooms, minivault_19
D:2:      layout_basic
D:3:      gammafunk_steamed_eel, layout_basic, uniq_terence
D:4:      layout_loops_ring, riverfiend_overflow_shadow_ancestor,
          gammafunk_ghost_abyssal_escape, minmay_misc_feat_columns,
          uniq_crazy_yiuf_cottage, uniq_ijyb, uniq_pikel
D:5:      layout_gridville, nicolae_sif_muna_little_library,
          kennysheep_little_box, minmay_misc_feat_diagonals, uniq_grinder,
          uniq_menkaure, uniq_eustachio
D:6:      layout_basic, nicolae_overflow_hidden_temple, tso_altar

Skill      XL: |  1  2  3  4  5  6  7  8 |
---------------+-------------------------+-----
Long Blades    | 3 4 5 7 |  7.2
Dodging        | 2 3 4 |  4.3
Armour         | 2 3 4 5 |  5.4
Fighting       | 4 5 |  5.7
Evocations     | 1 2 3 |  3.6
Shields        | 1 |  1.3

Action                     |  1- 3 |  4- 6 |  7- 9 || total
---------------------------+-------+-------+-------++-------
  Melee: Falchion          |   117 |   168 |   394 ||   679
         Punch             |       |     2 |     7 ||     9
 Invoke: Berserk           |     1 |     1 |     3 ||     5
         Trog's Hand       |       |     1 |     5 ||     6
  Evoke: Wand              |       |     3 |    16 ||    19
    Use: Scroll            |       |     4 |     6 ||    10
         Potion            |       |     1 |     3 ||     4
 Armour: Animal skin       |    14 |       |       ||    14
         Ring mail         |    22 |    30 |       ||    52
         Leather armour    |     5 |       |       ||     5
         Chain mail        |       |    47 |   238 ||   285
  Dodge: Dodged            |    81 |    93 |   230 ||   404
  Block: Other             |       |       |    83 ||    83
